 Dungeon Crawl Stone Soup version 0.30-a0-297-g0ec75d9ef4 (webtiles) character file.

Game seed: 11655897369168553254

373 blackman the Slasher (level 7, -1/52 HPs)
             Began as a Human Delver on Oct 20, 2022.
             Was a Priest of Zin.
             Slain by an orc priest
             ... wielding a +0 hand axe
              (5 damage)
             ... on level 4 of the Dungeon.
             The game lasted 00:08:16 (4144 turns).

blackman the Slasher (Human Delver)                 Turns: 4144, Time: 00:08:17

Health: -1/52      AC: 10    Str: 12    XL:     7   Next: 3%
Magic:  7/7        EV:  5    Int: 10    God:    Zin [***...]
Gold:   185        SH:  0    Dex: 17    Spells: 6/6 levels left

rFire   . . .      SeeInvis .    e - +0 long sword
rCold   . . .      Faith    .    (no shield)
rNeg    . . .      Spirit   .    d - +0 chain mail
rPois   .          Reflect  .    k - +0 helmet
rElec   .          Harm     .    p - +0 cloak
rCorr   .          Rampage  .    (no gloves)
Will    .....                    (no boots)
Stlth   ..........               (no amulet)
HPRegen 0.28/turn                (no ring)
MPRegen 0.10/turn                (no ring)

@: no status effects
A: no striking features
a: Renounce Religion, Recite, Vitalisation, Imprison, Donate Gold


You were on level 4 of the Dungeon.
You worshipped Zin.
Zin was most pleased with you.
You visited 1 branch of the dungeon, and saw 5 of its levels.

You collected 205 gold pieces.
You donated 20 gold pieces to Zin.

Inventory:

Hand Weapons
 a - a +0 falchion
 e - a +0 long sword (weapon)
Missiles
 n - 12 poisoned darts (quivered)
Armour
 b - a +0 leather armour
 d - a +0 chain mail (worn)
 k - a +0 helmet (worn)
 p - a +0 cloak (worn)
 r - a +0 scale mail
Jewellery
 t - a ring of see invisible
Wands
 g - a wand of digging (2)
Scrolls
 c - a scroll of fog
 h - 3 scrolls of amnesia {unknown}
 i - a scroll of blinking {unknown}
 j - 4 scrolls of identify {unknown}
 q - a scroll of noise {unknown}
 s - a scroll of teleportation {unknown}
 v - a scroll of butterflies {unknown}
 w - 4 scrolls of enchant armour {unknown}
 y - a scroll of brand weapon {unknown}
Potions
 f - 7 potions of curing {unknown}
 l - 2 potions of lignification {unknown}
 m - a potion of magic {unknown}
 o - 3 potions of attraction {unknown}
 u - a potion of invisibility {unknown}
 x - a potion of resistance {unknown}
 z - 2 potions of mutation {unknown}


   Skills:
 - Level 3.1 Fighting
 + Level 6.6 Long Blades
 - Level 2.2 Dodging
 - Level 5.1 Stealth


You had 6 spell levels left.
You didn't know any spells.
Your spell library contained the following spells:

 Spells                   Type           Power      Damage    Failure   Level
 Slow                     Hex            0%         N/A       100%        1
 Confusing Touch          Hex            0%         N/A       100%        3
 Vampiric Draining        Necr           0%         2d6       100%        3
 Alistair's Intoxication  Tmut/Pois      0%         N/A       100%        5
 Borgnjor's Vile Clutch   Necr/Erth      0%         N/A       100%        5
 Yara's Violent Unravell  Hex/Tmut       0%         3d3       100%        5
 Eringya's Noxious Bog    Tmut/Pois      0%         N/A       100%        6
 Enfeeble                 Hex            0%         N/A       100%        7


Dungeon Overview and Level Annotations

Branches:
Dungeon (5/15)             Temple (0/1) D:5

Altars:
Nemelex Xobeh
Sif Muna
Uskayaw
Zin

Shops:
D:1 (


Message History

The kobold barely misses you.
You barely miss the orc priest.
The orc priest is severely wounded.
The orc priest hits you with a +0 hand axe.
The kobold hits you from afar with a +3 spear!
You closely miss the orc priest.
The orc priest is severely wounded.
The orc hits you with a +0 flail. The orc priest barely misses you.
The kobold hits you but does no damage.
You hit the orc priest but do no damage.
The orc priest is severely wounded.
The orc barely misses you.
The orc priest hits you but does no damage.
The kobold hits you from afar with a +3 spear.
You closely miss the orc priest.
The orc priest is severely wounded.
The orc hits you with a +0 flail. The orc priest closely misses you.
The kobold barely misses you.
You hit the orc priest.
The orc priest is almost dead.
The orc hits you but does no damage.
The orc priest hits you but does no damage.
The kobold barely misses you.
You barely miss the orc priest.
The orc priest is almost dead.
The orc barely misses you.
The orc priest hits you with a +0 hand axe!
The kobold hits you but does no damage.
The kobold hits you from afar with a +3 spear.
The orc hits you with a +0 flail.
The orc priest hits you with a +0 hand axe.
* * * LOW HITPOINT WARNING * * *
You hit the orc priest but do no damage.
The orc priest is almost dead.
The orc hits you with a +0 flail.
* * * LOW HITPOINT WARNING * * *
The kobold hits you from afar with a +3 spear.
* * * LOW HITPOINT WARNING * * *
The orc priest hits you with a +0 hand axe.
You die...

##...#.# #....# #....#.#
...##.##... #....# #..#...#
.......... #....# #..#...#
........# #....# #..#...#
#......# #....## #..#...#
#......# #######......
#..#..<#.#.#......#
............. #
#...#.#.....^#..............
#
##...#.#....@oK..............
#.
.....#.###.##o{.[............
##.###...#.# #.#
...####.####.... ....#.#...#
#.# ...# #. #.###
#.......###.# ...# # #..
#.........#.# ...# ...#
####.#.###.#...# ...#
....#.###.##..# ...#
..............#


You could see an orc priest, an orc and a kobold.

Vanquished Creatures
  A scorpion (D:4)
  2 vampire bats (D:3)
  2 hounds
  6 adders
  3 gnolls (D:2)
  2 worms
  2 dart slugs (D:3)
  6 orcs
  5 endoplasms
  2 giant cockroaches
  4 goblins
  3 hobgoblins
  3 jackals
  3 quokkas
  12 ball pythons
  9 bats
  7 frilled lizards
  7 kobolds
  7 rats
86 creatures vanquished.

Notes
Turn   | Place    | Note
-------+----------+-------------------------------------------
     0 | D:5      | blackman the Human Delver began the quest for the Orb.
     0 | D:5      | Reached XP level 1. HP: 18/18 MP: 1/1
     6 | D:5      | Noticed a hound
     7 | D:5      | Found a glowing silver altar of Zin.
    17 | D:5      | Became a worshipper of Zin the Law-Giver
    80 | D:5      | Found a staircase to the Ecumenical Temple.
   239 | D:3      | Noticed a hound
   276 | D:3      | Reached XP level 2. HP: 7/24 MP: 2/2
   798 | D:2      | Found a sparkling altar of Nemelex Xobeh.
  1271 | D:1      | Reached XP level 3. HP: 28/29 MP: 3/3
  1523 | D:1      | Found Qebaaruw's Weapon Emporium.
  1687 | D:1      | Reached skill level 3 in Long Blades
  1768 | D:1      | Reached * piety under Zin
  2594 | D:3      | Reached XP level 4. HP: 35/35 MP: 4/4
  2611 | D:3      | Reached ** piety under Zin
  2705 | D:3      | Reached skill level 4 in Long Blades
  2745 | D:3      | Reached XP level 5. HP: 40/41 MP: 5/5
  2756 | D:3      | Reached skill level 5 in Long Blades
  2841 | D:3      | Found a shimmering blue altar of Sif Muna.
  2990 | D:2      | Reached XP level 6. HP: 18/47 MP: 6/6
  3538 | D:3      | Noticed a +0 short sword
  3539 | D:3      | Noticed a +0 short sword
  3539 | D:3      | Noticed a +0 dagger
  3540 | D:3      | Noticed a +0 spear
  3540 | D:3      | Noticed a +0 dagger
  3540 | D:3      | Noticed a +0 falchion
  3541 | D:3      | Noticed a +0 falchion
  3541 | D:3      | Noticed a +0 spear
  3598 | D:3      | Found a hide-covered altar of Uskayaw.
  3772 | D:4      | Reached skill level 6 in Long Blades
  4041 | D:4      | Reached XP level 7. HP: 39/52 MP: 7/7
  4120 | D:4      | Reached *** piety under Zin
  4144 | D:4      | Slain by an orc priest

Illustrated notes

Levels and vault maps discovered:
D:1:      saegor_arrival_under_anarchy, layout_basic, serial_shops,
          nicolae_lakefront_shop, kennysheep_another_room,
          minmay_misc_feat_diagonals
D:2:      layout_loops_ring, basic_altar, kennysheep_generic_room_6
D:3:      layout_basic, nicolae_uskayaw_en_pointe, mainiacjoe_overflow_catwalk,
          roderic_batcave, amcnicky_mini_pool_small, minmay_pentangle
D:4:      layout_basic, serial_park_tiny_1, minmay_misc_feat_more_columns,
          st_stairs_12, roderic_serpentine_path, minmay_diced_spiral
D:5:      nicolae_cairo_tiling_large, layout_loops_corners,
          overflow_temple_1_default, nicolae_overflow_crystal_walls,
          nicolae_tso_carved_into_rock

Skill      XL: |  1  2  3  4  5  6 |
---------------+-------------------+-----
Long Blades    | 3 4 5 6 |  6.6
Fighting       | |  3.1
Dodging        | |  2.2
Stealth        | |  5.1

Action                   |  1- 3 |  4- 6 |  7- 9 || total
-------------------------+-------+-------+-------++-------
Melee: Falchion          |    21 |       |       ||    21
       Punch             |     2 |     1 |     1 ||     4
       Long sword        |   114 |   151 |    15 ||   280
Throw: Dart              |       |     4 |       ||     4
Evoke: Wand              |     1 |       |       ||     1
  Use: Scroll            |     2 |       |       ||     2
       Potion            |     1 |       |       ||     1
Armor: Chain mail        |   129 |   144 |     8 ||   281
Dodge: Dodged            |    38 |    41 |    12 ||    91

Table legend: (Time is in decaauts)
 A = Elapsed time spent in this place.
 B = Non-inter-level travel time spent in this place.
 C = Inter-level travel time spent in this place.
 D = Time resting spent in this place.
 E = Time spent auto-exploring this place.
 F = Levels seen in this place.
 G = Mean time per level.
                   A        B        C        D        E       F      G
               +--------+--------+--------+--------+--------+-----+--------+
         Total |   4183 |   3973 |    210 |    856 |   2318 |   5 |  836.6 |
       Dungeon |   4183 |   3973 |    210 |    856 |   2318 |   5 |  836.6 |
               +--------+--------+--------+--------+--------+-----+--------+

Top non-repeatable levels by time:
     D:2: 1648 daAuts
     D:1: 1149 daAuts
     D:3: 760 daAuts
     D:4: 478 daAuts
     D:5: 147 daAuts
